 Dungeon Crawl Stone Soup version 0.25.0-15-gac7dcb8919 (webtiles) character file.

Game seed: 14377461396708503183

1279875 Delamore the Gargoyle Barricade (level 27, -5/199 HPs)
             Began as a Gargoyle Fighter on June 28, 2020.
             Was the Champion of the Shining One.
             Killed by divine providence
             ... invoked by a daeva
             ... summoned by a seraph
              (14 damage)
             ... on level 5 of the Dungeon.
             The game lasted 03:52:35 (102516 turns).

Delamore the Gargoyle Barricade (GrFi)            Turns: 102516, Time: 03:52:36

Health: -5/199     AC: 55    Str: 23      XL:     27
Magic:  8/28       EV: 30    Int:  7 (8)  God:    the Shining One [******]
Gold:   9337       SH: 41    Dex: 11      Spells: 37/50 levels left

rFire    + + +     SeeInvis .   J - +9 eveningstar (holy)
rCold    + + +     Gourm    .   y - +10 tower shield of Ignorance {rN+ Int-4}
rNeg     + + +     Faith    .   S - +10 shadow dragon scales "Gaomn" {+Fly rElec Regen+ Stlth++++}
rPois    ∞         Spirit   .   V - -3 helmet of the Lily {MR+ rCorr Slay+2}
rElec    +         Reflect  +   R - scarf {rC+ rF+}
rCorr    +         Harm     .   H - +0 pair of fencer's gloves {Riposte Dex+3}
MR       +++..     Rnd*Rage +   C - +2 pair of boots of Patience {+Fly rF+ rCorr}
Stlth    +.........             Y - amulet "Oriuvi" {Reflect rN+ SH+5}
HPRegen  0.00/turn              M - ring of Phasing {EV+8}
MPRegen  0.21/turn              Z - ring of Salvation {rF+ rC++ rN+ rCorr}

@: flying, glowing, studying 4 skills
A: big wings, claws 1, fangs 1, repulsion field 1, icy blue scales 1, thin
skeletal structure 1, berserk 3, blurry vision 2, clumsy 2, deformed body,
deterioration 2, dopey 1, low mp 3, negative energy resistance 1, electricity
resistance, inhibited regeneration, weak 2, unbreathing, petrification
resistance, no potion heal 3, rot immunity, subdued magic 3, AC +20
0: Orb of Zot
}: 13/15 runes: decaying, slimy, silver, iron, obsidian, icy, bone, demonic,
glowing, magical, fiery, dark, gossamer
a: Stop Flying, Divine Shield, Cleansing Flame, Summon Divine Warrior, Renounce
Religion


You were on level 5 of the Dungeon.
You worshipped the Shining One.
The Shining One was exalted by your worship.
You were not hungry.

You visited 17 branches of the dungeon, and saw 86 of its levels.
You visited Pandemonium 3 times, and saw 37 of its levels.
You visited the Abyss 1 time.
You also visited: Trove, Bailey, Gauntlet and Ice Cave.

You collected 13818 gold pieces.
You spent 4481 gold pieces at shops.

Inventory:

Hand Weapons
 c - the +5 eveningstar "Yshrix" {flame, Int+9 SInv Stlth-}
   (You acquired it on level 4 of the Lair of Beasts)

   It has been specially enchanted to burn those struck by it, causing extra
   injury to most foes and up to half again as much damage against particularly
   susceptible opponents.
   It affects your intelligence (+9).
   It lets you see invisible.
   It makes you less stealthy.
 J - a +9 eveningstar of holy wrath (weapon)
Missiles
 d - 2 throwing nets
 v - 20 silver javelins (quivered)
Armour
 b - a +5 tower shield of protection
 y - the +10 tower shield of Ignorance (worn) {rN+ Int-4}
   (You found it on level 7 of Tartarus)

   It affects your intelligence (-4).
   It protects you from negative energy.
 C - the +2 pair of boots of Patience (worn) {+Fly rF+ rCorr}
   (Okawaru gifted it to you on level 4 of the Swamp)

   It protects you from fire.
   It lets you fly.
   It provides partial protection from all sources of acid and corrosion.
 H - the +0 pair of fencer's gloves (worn) {Riposte Dex+3}
   (You found it on level 1 of the Realm of Zot)

   It affects your dexterity (+3).
 R - a scarf of resistance (worn)
 S - the +10 shadow dragon scales "Gaomn" (worn) {+Fly rElec Regen+ Stlth++++}
   (You found it in a treasure trove)

   It insulates you from electricity.
   It lets you fly.
   It increases your rate of regeneration.
   It makes you much more stealthy.
 V - the -3 helmet of the Lily (worn) {MR+ rCorr Slay+2}
   (Okawaru gifted it to you on level 2 of the Lair of Beasts)

   It affects your accuracy and damage with ranged weapons and melee attacks
   (+2).
   It affects your resistance to hostile enchantments.
   It provides partial protection from all sources of acid and corrosion.
Jewellery
 j - the ring "Ebeatuec" {+Fly MP+9, unknown}
   (You found it in Pandemonium)

   [ring of flight]

   It affects your magic capacity (+9).
   It lets you fly.
 M - the ring of Phasing (left hand) {EV+8}
   (You found it on level 3 of the Realm of Zot)

   [ring of evasion]

   It affects your evasion (+8).
 Y - the amulet "Oriuvi" (around neck) {Reflect rN+ SH+5}
   (You found it in a Gauntlet)

   [amulet of reflection]

   It shields you and reflects attacks.
   It protects you from negative energy.
   It affects your SH (+5).
 Z - the ring of Salvation (right hand) {rF+ rC++ rN+ rCorr}
   (You acquired it on level 3 of the Swamp)

   [ring of resist corrosion]

   It protects you from fire.
   It greatly protects you from cold.
   It protects you from negative energy.
   It provides partial protection from all sources of acid and corrosion.
Wands
 t - a wand of digging (14)
 z - a wand of flame (16)
 I - a wand of iceblast (25)
Scrolls
 a - a scroll of silence
 i - 3 scrolls of brand weapon
 m - 46 scrolls of remove curse
 n - 14 scrolls of enchant weapon
 p - 8 scrolls of blinking
 s - 25 scrolls of teleportation
 x - 15 scrolls of fear
 A - a scroll of enchant armour
 F - 4 scrolls of holy word
 G - 2 scrolls of fog
 K - 8 scrolls of amnesia
 L - a scroll of summoning
 U - 4 scrolls of magic mapping
 W - 17 scrolls of identify
Potions
 h - 6 potions of resistance
 k - 20 potions of curing
 l - a potion of might
 q - 5 potions of haste
 w - 3 potions of magic
 B - 9 potions of heal wounds
 D - 3 potions of cancellation
 O - a potion of invisibility
 T - 3 potions of berserk rage
Books
 e - a manual of Throwing
 o - a manual of Stealth
 r - a manual of Spellcasting
 u - a manual of Throwing
 X - a manual of Fire Magic
Miscellaneous
 g - 7 phantom mirrors
 E - a lightning rod (4/4)
Comestibles
 f - 61 rations


   Skills:
 O Level 27 Fighting
 O Level 27 Maces & Flails
 - Level 6.5 Throwing
 O Level 27 Armour
 + Level 24.2 Dodging
 O Level 27 Shields
 - Level 12.3 Spellcasting
 - Level 12.1 Translocations
 O Level 27 Invocations
 - Level 8.6 Evocations


You had 37 spell levels left.
You knew the following spells:

 Your Spells              Type           Power        Failure   Level  Hunger
a - Blink                 Tloc           N/A          1%          2    #......
b - Lesser Beckoning      Tloc           ##........   1%          3    ###....
c - Necromutation         Tmut/Necr      #.........   100%        8    #######

Your spell library contained the following spells:

 Spells                   Type           Power        Failure   Level  Hunger
 Apportation              Tloc           ##....       1%          1    None
 Shroud of Golubria       Chrm/Tloc      #.....       1%          2    #......
 Gell's Gravitas          Tloc           ##........   1%          3    ###....
 Teleport Other           Tloc           ##......     1%          3    ###....
 Portal Projectile        Hex/Tloc       #.....       4%          3    ###....
 Animate Skeleton         Necr           N/A          21%         1    None
 Beastly Appendage        Tmut           #.....       21%         1    None
 Corona                   Hex            #......      21%         1    None
 Foxfire                  Conj/Fire      #...         21%         1    None
 Freeze                   Ice            #...         21%         1    None
 Magic Dart               Conj           #...         21%         1    None
 Pain                     Necr           #...         21%         1    None
 Sandblast                Erth           #.....       21%         1    None
 Shock                    Conj/Air       #...         21%         1    None
 Sting                    Tmut/Pois      #...         21%         1    None
 Summon Butterflies       Summ           #.......     21%         1    None
 Dispersal                Tloc           ##........   22%         6    #######
 Call Imp                 Summ           #.......     32%         2    #......
 Corpse Rot               Necr/Air       N/A          32%         2    #......
 Ensorcelled Hibernation  Hex/Ice        #.....       32%         2    #......
 Passwall                 Tmut/Erth      #.......     32%         2    #......
 Poisonous Vapours        Pois/Air       #.....       32%         2    #......
 Slow                     Hex            #.......     32%         2    #......
 Sticks to Snakes         Tmut           #.......     32%         2    #......
 Swiftness                Chrm/Air       #.......     32%         2    #......
 Summon Forest            Summ/Tloc      #.........   45%         5    ######.
 Confusing Touch          Hex            #.......     56%         3    ###....
 Conjure Flame            Conj/Fire      #.......     56%         3    ###....
 Dazzling Flash           Conj/Hex       #.....       56%         3    ###....
 Frozen Ramparts          Ice            #.....       56%         3    ###....
 Ignite Poison            Fire/Tmut/Pois #.......     56%         3    ###....
 Inner Flame              Hex/Fire       #.......     56%         3    ###....
 Mephitic Cloud           Conj/Pois/Air  #.......     56%         3    ###....
 Ozocubu's Armour         Chrm/Ice       #.......     56%         3    ###....
 Spider Form              Tmut/Pois      #.........   56%         3    ###....
 Static Discharge         Conj/Air       #.......     56%         3    ###....
 Stone Arrow              Conj/Erth      #.....       56%         3    ###....
 Tukima's Dance           Hex            #.......     56%         3    ###....
 Vampiric Draining        Necr           #.........   56%         3    ###....
 Airstrike                Air            #.........   94%         4    ####...
 Animate Dead             Necr           N/A          94%         4    ####...
 Cause Fear               Hex            #.........   94%         4    ####...
 Dispel Undead            Necr           #.......     94%         4    ####...
 Hailstorm                Conj/Ice       #.......     94%         4    ####...
 Ice Form                 Ice/Tmut       #.......     94%         4    ####...
 Leda's Liquefaction      Hex/Erth       #.........   94%         4    ####...
 Olgreb's Toxic Radiance  Pois           #.......     94%         4    ####...
 Petrify                  Tmut/Erth      #.......     94%         4    ####...
 Sticky Flame             Conj/Fire      #.......     94%         4    ####...
 Summon Ice Beast         Ice/Summ       #.......     94%         4    ####...
 Summon Lightning Spire   Summ/Air       #.......     94%         4    ####...
 Agony                    Necr           #.......     100%        5    ######.
 Alistair's Intoxication  Tmut/Pois      #.......     100%        5    ######.
 Blade Hands              Tmut           #.........   100%        5    ######.
 Bolt of Magma            Conj/Fire/Erth #.........   100%        5    ######.
 Excruciating Wounds      Chrm/Necr      #.........   100%        5    ######.
 Fireball                 Conj/Fire      #.........   100%        5    ######.
 Irradiate                Conj/Tmut      #.........   100%        5    ######.
 Iskenderun's Battlesphe  Conj/Chrm      #.......     100%        5    ######.
 Lee's Rapid Deconstruct  Erth           #.........   100%        5    ######.
 Lightning Bolt           Conj/Air       #.........   100%        5    ######.
 Metabolic Englaciation   Hex/Ice        #.........   100%        5    ######.
 Silence                  Hex/Air        #.........   100%        5    ######.
 Yara's Violent Unravell  Hex/Tmut       #.........   100%        5    ######.
 Conjure Ball Lightning   Conj/Air       #.........   100%        6    #######
 Darkness                 Hex            #.........   100%        6    #######
 Death Channel            Necr           #.........   100%        6    #######
 Freezing Cloud           Conj/Ice/Air   #.........   100%        6    #######
 Hydra Form               Tmut           #.........   100%        6    #######
 Invisibility             Hex            #.......     100%        6    #######
 Iron Shot                Conj/Erth      #.........   100%        6    #######
 Ozocubu's Refrigeration  Ice            #.........   100%        6    #######
 Simulacrum               Ice/Necr       #.........   100%        6    #######
 Starburst                Conj/Fire      #.........   100%        6    #######
 Dragon Form              Tmut           #.........   100%        7    #######
 Haunt                    Necr/Summ      #.........   100%        7    #######
 Malign Gateway           Summ/Tloc      #.........   100%        7    #######
 Monstrous Menagerie      Summ           #.........   100%        7    #######
 Orb of Destruction       Conj           #.........   100%        7    #######
 Ring of Flames           Chrm/Fire      #.........   100%        7    #######
 Spellforged Servitor     Conj/Summ      #.........   100%        7    #######
 Summon Greater Demon     Summ           #.........   100%        7    #######
 Borgnjor's Revivificati  Necr           #.........   100%        8    #######
 Chain Lightning          Conj/Air       #.........   100%        8    #######
 Controlled Blink         Tloc           N/A          100%        8    #######
 Death's Door             Chrm/Necr      #.........   100%        8    #######
 Discord                  Hex            #.........   100%        8    #######
 Disjunction              Tloc           ##........   100%        8    #######
 Ignition                 Fire           #.........   100%        8    #######
 Infestation              Necr           #.........   100%        8    #######
 Lehudib's Crystal Spear  Conj/Erth      #.........   100%        8    #######
 Summon Horrible Things   Summ           #.........   100%        8    #######
 Absolute Zero            Ice            #.........   100%        9    #######
 Fire Storm               Conj/Fire      #.........   100%        9    #######
 Shatter                  Erth           #.........   100%        9    #######
 Tornado                  Air            #.........   100%        9    #######
 Passage of Golubria      Tloc           Unusable     N/A         4    N/A
 Sublimation of Blood     Necr           Unusable     N/A         2    N/A
 Statue Form              Tmut/Erth      Unusable     N/A         6    N/A

Dungeon Overview and Level Annotations

Branches:
Dungeon (15/15)            Temple (1/1) D:7            Lair (6/6) D:10
  Swamp (4/4) Lair:3       Spider (4/4) Lair:2        Slime (5/5) Lair:5
    Orc (2/2) D:9             Elf (3/3) Orc:2        Vaults (5/5) D:14
  Crypt (3/3) Vaults:3       Tomb (0/3) Crypt:3      Depths (5/5) D:15
   Hell (visited)             Dis (7/7) Hell            Geh (7/7) Hell
    Coc (7/7) Hell            Tar (7/7) Hell            Zot (5/5) Depths:5
 Bailey (visited)           IceCv (visited)         Gauntlet (visited)

Altars:
Ashenzari
Cheibriados
Dithmenos
Elyvilon
Fedhas
Gozag
Hepliaklqana
Kikubaaqudgha
Makhleb
Nemelex Xobeh
Okawaru
Qazlal
Ru
Sif Muna
Trog
Uskayaw
Vehumet
Xom
Yredelemnul
Zin
The Shining One
Beogh
Jiyva
Lugonu

Shops:
D:9 (   D:11 *   Orc:1 [   Orc:2 :?:[   Elf:3 (   Vaults:2 *   Vaults:3 *
Depths:3 !   Depths:4 ((:[

Portals:
Hell: Depths:1 Depths:2 Depths:3 Depths:4 Depths:5
Abyss: Depths:1 Depths:4
Pandemonium: Depths:1 Depths:3
Ziggurat: Depths:2

Annotations:
Swamp:4 Roxanne


Innate Abilities, Weirdness & Mutations

You are resistant to torment.
Your stone body is resilient. (AC +20)
You are immune to poison.
Your large and strong wings let you fly indefinitely.
You resist negative energy. (rN+)
You are resistant to electric shocks. (rElec)
You can survive without breathing.
You are immune to petrification.
You are immune to rotting.
You have sharp fingernails.
You have very sharp teeth.
You are surrounded by a mild repulsion field. (EV +2)
You are partially covered in icy blue scales. (AC +2)
You have a somewhat thin skeletal structure. (Dex +2, Stealth)
You have an uncontrollable temper.
Scrolls take you longer to read.
You are very clumsy. (Dex -4)
Armour fits poorly on your strangely shaped body.
Your body often deteriorates upon taking damage.
You are dopey. (Int -2)
Your magical capacity is extremely low. (-30% MP)
You do not regenerate when monsters are visible.
You are very weak. (Str -4)
Potions cannot restore your health.
Your spells are much easier to cast, but much less powerful.


Message History

[Y]es or [N]o only, please.
Your blink will be uncontrolled - continue anyway? [Y]es or [N]o only, please.
Your blink will be uncontrolled - continue anyway?
Really read with blurry vision while enemies are nearby?
Okay, then.
Okay, then.
Okay, then.
The seraph gestures.
The seraph begins to accept its allies' injuries.
You block the angel's attack. x2
The seraph no longer looks unusually strong.
The daeva calls down the wrath of the Shining One upon you.
The Shining One smites you!
* * * LOW HITPOINT WARNING * * *
The angel gestures.
The angel is healed somewhat.
The daeva calls down the wrath of the Shining One upon you.
The Shining One smites you!
You die...

# #.# #.# #.#.# #
#.# #.# #.#.# # #.#
#.# #.#.######## #
#.#######.#
#.#......... #
#.........#
#.######.### #
#####.##### ###.#
#.# # #.# #...# #.#
#
#####.########.###
#.# #
####.........@.##.#
#.##
#....###.#####.##.#
#..# #.#### #.#
#A##.# #<.## #.#
#.# #.##.#### #....
#.# #.# #A.......
##.## #.# #.#
#A##.#########.##
####.# #.#
#A##.............
...#.# #(#
#A############.##
##.#.# #.# #.# #.#


You could see a seraph (catching breath), a daeva (summoned, strong, sheltered)
and 3 angels.

Vanquished Creatures
  Cerebov (Pan)
  Antaeus (Coc:7)
  Asmodeus (Geh:7)
  Ereshkigal (Tar:7)
  the Royal Jelly (Slime:5)
  Mnoleg (Pan)
  Gloorx Vloq (Pan)
  Lom Lobon (Pan)
  the Serpent of Hell (Geh:7)
  Dispater (Dis:7)
  8 orbs of fire
  Mennas (Pan)
  Mara (Spider:4)
  5 ancient liches
  Boris (twice) (Vaults:2 Vaults:5)
  3 Killer Klowns (Zot:5)
  21 pandemonium lords (Pan)
  6 shard shrikes
  Xtahua (Vaults:3)
  Bai Suzhen (Crypt:2)
  The ghost of Woadakig the Executioner, a veteran FoFi of Dithmenos (Crypt:2)
  6 curse toes
  Geryon (Hell)
  10 caustic shrikes
  16 golden dragons
  Nikola (Swamp:2)
  5 bone dragons
  Arachne (Spider:2)
  A profane servitor (Pan)
  7 doom hounds
  3 electric golems
  13 Tzitzimimeh
  24 Brimstone Fiends
  4 iron giants
  10 liches
  9 Hell Sentinels
  13 tentacled monstrosities
  19 Ice Fiends
  9 deep elf blademasters
  20 titans
  26 Orb Guardians
  8 quicksilver dragons
  32 Executioners
  A tentacled starspawn (Abyss:3)
  11 death cobs
  23 acid blobs
  6 deep elf master archers
  An eldritch tentacle (Pan)
  6 ancient champions
  Murray (Hell)
  3 sphinxes
  2 thorn hunters
  7 tengu reavers
  12 storm dragons
  2 draconian monks (Zot:2)
  12 shadow dragons
  6 revenants
  4 daevas
  12 azure jellies
  10 deep elf sorcerers
  Aizul (Elf:3)
  12 vault wardens
  8 draconian knights
  9 ghost moths
  29 fire giants
  38 cacodemons (Pan)
  15 iron dragons
  11 black suns (Pan)
  22 frost giants
  18 warmongers (Pan)
  5 curse skulls
  3 emperor scorpions (Spider:4)
  5 draconian scorchers
  2 angels (Pan)
  11 draconian annihilators
  16 ghouls
  8 draconian shifters
  45 balrugs
  3 deep elf elementalists (Elf:3)
  77 reapers
  20 very ugly things
  An ophan (Pan)
  5 draconian stormcallers
  2 juggernaut skeletons
  An elemental wellspring (Coc:7)
  14 ironheart preservers
  7 war gargoyles
  5 entropy weavers
  23 stone giants
  2 spriggan defenders (Depths:4)
  13 blood saints (Pan)
  10 vampire knights
  17 lorocyprocas
  12 black draconians
  14 green draconians
  8 deep elf demonologists
  19 corrupters (Pan)
  16 deep elf annihilators
  A minotaur (Gauntlet)
  12 red draconians
  14 yellow draconians
  16 purple draconians
  15 spark wasps
  15 white draconians
  6 eidola
  15 ettins
  7 death oozes
  13 fire dragons
  33 green deaths
  39 blizzard demons
  A kraken zombie (Hell)
  7 deep elf death magi
  7 jiangshi
  Josephine (Lair:5)
  20 yaktaur captains
  3 quicksilver dragon zombies
  2 deep elf high priests
  A spectral kraken (Tar:7)
  A spectral golden dragon (Crypt:3)
  A great orb of eyes (shapeshifter) (Vaults:4)
  13 monstrous demonspawn (Pan)
  17 great orbs of eyes
  10 rakshasas
  3 shambling mangroves
  28 vault guards
  24 hydras
  32 ice dragons
  4 catoblepae
  2 juggernaut simulacra (Pan)
  5 ghost crabs
  9 hell beasts
  A spriggan air mage (Depths:3)
  5 death knights
  26 dancing weapons
  4 quicksilver dragon skeletons
  5 alligators
  A spectral fire giant (Crypt:3)
  10 centaur warriors
  26 two-headed ogres
  6 deep troll shamans
  14 ogre magi
  A tengu warrior (Depths:2)
  10 death yaks
  30 hell hogs
  7 deep troll earth magi
  3 shock serpents (Pan)
  A satyr (shapeshifter) (Vaults:5)
  7 vampire magi
  2 orc high priests
  10 thrashing horrors
  5 titan zombies
  9 spriggan berserkers
  5 wretched stars
  3 titan skeletons
  Nergalle (Orc:2)
  An iron golem (Geh:2)
  2 spectral storm dragons (Crypt:3)
  86 sun demons
  36 deep elf knights
  40 soul eaters
  7 storm dragon zombies
  4 golden dragon zombies
  48 sixfirhies
  23 shadow wraiths
  83 skeletal warriors
  3 spatial maelstroms
  32 hell knights
  A death drake (shapeshifter) (Vaults:2)
  7 iron trolls
  2 storm dragon skeletons
  8 unseen horrors
  An entropy weaver zombie (Crypt:1)
  6 spriggan druids
  20 deep trolls
  4 anaconda zombies
  4 cherubim (Pan)
  14 flayed ghosts
  A kraken simulacrum (Coc:7)
  19 infernal demonspawn (Pan)
  9 swamp dragons
  An orange crystal statue (Zot:5)
  6 glowing orange brains
  16 ironbrand convokers
  3 shadow dragon zombies
  20 torturous demonspawn (Pan)
  13 wizards
  A deep troll (shapeshifter) (Depths:2)
  15 gelid demonspawn
  37 shadow demons
  An obsidian statue (Zot:5)
  A lindwurm (Lair:3)
  17 orc knights
  26 deep elf archers
  4 wolf spider zombies
  5 frost giant zombies
  42 phantasmal warriors
  5 anaconda skeletons
  A mana viper (Abyss:3)
  3 golden dragon skeletons
  8 iron dragon zombies
  23 orb spiders
  19 necromancers
  6 fire giant zombies
  An orb spider (shapeshifter) (Elf:2)
  2 stone giant zombies
  33 wolf spiders
  A shining eye (Slime:5)
  61 ugly things
  A worldbinder (Abyss:3)
  13 orc sorcerers
  An oklob plant (Lair:3)
  81 deep elf magi
  2 shadow dragon skeletons
  7 cyclopes
  A salamander (shapeshifter) (Elf:3)
  4 centaur zombies
  A mana viper (shapeshifter) (Vaults:5)
  56 slime creatures
  An iron dragon skeleton (Tar:4)
  4 manticores
  7 stone giant skeletons
  28 moths of wrath
  2 guardian serpents (shapeshifter)
  4 fire giant skeletons
  2 elf zombies
  An apocalypse crab (Abyss:1)
  66 smoke demons
  A spiny frog (shapeshifter) (Vaults:4)
  An eye of devastation (shapeshifter) (Vaults:5)
  34 rust devils
  10 vault sentinels
  A black mamba (shapeshifter) (Vaults:2)
  13 ice statues
  3 eyes of devastation
  4 centaur skeletons
  4 torpor snails
  4 titan simulacra (Coc:7)
  A black mamba (Lair:6)
  7 frost giant skeletons
  17 spiny frogs
  11 molten gargoyles (Geh:7)
  2 shock serpent skeletons
  6 spectral swamp worms
  21 hellions
  A dire elephant zombie (Geh:5)
  5 storm dragon simulacra (Coc:7)
  A komodo dragon (shapeshifter) (Vaults:3)
  48 orange demons
  A rime drake (shapeshifter) (Depths:2)
  5 emperor scorpion zombies
  A minotaur zombie (Gauntlet)
  28 freezing wraiths
  4 dire elephant skeletons
  6 kobold demonologists
  5 ancient zymes
  10 komodo dragons
  A yaktaur (shapeshifter) (Vaults:1)
  The ghost of pentaxis93 the Sneak, a novice OpCj of Gozag (D:6)
  A sea snake zombie (Crypt:1)
  2 tengu conjurers (Depths:2)
  48 yaktaurs
  37 tormentors
  2 rime drakes
  3 catoblepas zombies
  A minotaur skeleton (Pan)
  9 efreet
  42 ice devils
  An alligator snapping turtle skeleton (Crypt:3)
  A catoblepas skeleton (Tar:1)
  38 demonic crawlers
  11 hydra zombies
  A guardian mummy (Crypt:3)
  2 anaconda simulacra (Coc:7)
  A queen bee (D:9)
  56 red devils
  A green draconian skeleton (Crypt:1)
  2 harpy zombies
  37 hellwings
  29 jumping spiders
  5 trolls
  A silent spectre (Tar:1)
  2 white draconian skeletons
  27 hornets
  A polar bear (shapeshifter) (Vaults:5)
  5 ettin zombies
  8 tyrant leeches
  A hornet (shapeshifter) (Depths:1)
  Grinder (D:3)
  4 hydra skeletons
  5 raiju
  A wind drake (shapeshifter) (Elf:2)
  16 bog bodies
  2 harpy skeletons
  A tengu simulacrum (Depths:4)
  7 polar bears
  8 blink frogs (Lair:2)
  7 ice dragon zombies
  2 alligator zombies
  A frost giant simulacrum (Vaults:3)
  11 hippogriffs
  14 dream sheep
  2 human simulacra (Vaults:3)
  2 stone giant simulacra
  5 ice dragon skeletons
  A meliai zombie (D:13)
  3 fire dragon zombies
  2 alligator skeletons
  4 fire dragon skeletons
  90 flying skulls
  3 vampires
  26 shadows
  32 tarantellas
  A wyvern (D:10)
  7 centaur simulacra
  52 ynoxinuls
  3 air elementals
  2 black mamba zombies
  46 redbacks
  17 spriggans
  A spriggan (shapeshifter) (Vaults:4)
  3 ettin skeletons
  44 wraiths
  A yak (shapeshifter) (Vaults:3)
  2 black mamba skeletons
  4 fire bats (D:13)
  11 water elementals
  61 yaks
  A fire bat (shapeshifter) (Elf:3)
  20 vampire mosquitoes
  Eustachio (D:6)
  8 golden eyes
  55 large abominations
  A yaktaur simulacrum (Vaults:3)
  31 neqoxecs
  46 chaos spawn
  5 hungry ghosts
  16 fire elementals
  5 basilisks
  A steam dragon (D:13)
  Grum (D:8)
  A harpy simulacrum (D:15)
  14 swamp worms
  A spatial vortex (Abyss:4)
  3 acid dragons
  9 wargs
  12 insubstantial wisps
  A soldier ant (D:15)
  A merfolk zombie (Coc:6)
  70 hell hounds
  5 spiny frog zombies
  19 water moccasins
  A torturous demonspawn skeleton (Crypt:3)
  5 hydra simulacra (Coc:7)
  10 porcupines
  A monstrous demonspawn skeleton (Crypt:1)
  A fire dragon simulacrum (Crypt:2)
  A merfolk skeleton (Crypt:2)
  15 swamp drakes
  3 sky beasts
  35 orc warriors
  A spiny frog skeleton (Coc:7)
  15 starcursed masses (Abyss:4)
  16 ice beasts
  5 eyes of draining
  12 phantoms
  7 snapping turtle zombies
  30 necrophages
  32 ogres
  5 boggarts (Vaults:2)
  9 wolves
  A swamp dragon skeleton (Tar:4)
  19 centaurs
  A komodo dragon zombie (Crypt:2)
  A snapping turtle skeleton (Tar:1)
  12 crocodiles
  3 big kobolds (D:14)
  22 bullfrogs
  A rime drake skeleton (Crypt:3)
  12 small abominations
  A fire crab zombie (Crypt:3)
  A glowing shapeshifter simulacrum (Depths:4)
  2 earth elementals
  2 elf skeletons
  A spiny frog simulacrum (Abyss:1)
  A water moccasin skeleton (D:5)
  A wyvern skeleton (D:14)
  14 killer bees
  A spriggan zombie (Geh:5)
  4 scorpions
  A scorpion (shapeshifter) (Depths:1)
  A shapeshifter zombie (Crypt:2)
  A spriggan skeleton (Abyss:1)
  57 wights
  An electric eel (Spider:3)
  A troll skeleton (Coc:7)
  20 crimson imps
  2 draconian simulacra (IceCv)
  6 bullfrog zombies
  17 iron imps
  5 jellies
  9 hounds
  30 orc wizards
  4 quasits
  13 orc priests
  A human zombie (Crypt:2)
  A basilisk skeleton (Crypt:2)
  A black bear skeleton (Crypt:1)
  Natasha (thrice) (D:3)
  Terence (D:2)
  4 iguanas
  A hell rat (Lair:3)
  17 worker ants
  A spriggan simulacrum (IceCv)
  2 troll simulacra (IceCv)
  A naga zombie (Tar:4)
  A sky beast zombie (Crypt:3)
  An ogre zombie (Geh:5)
  3 tengu zombies
  2 naga skeletons
  A crocodile skeleton (Crypt:1)
  A tengu skeleton (Dis:2)
  2 hound skeletons
  19 mummies
  Robin (D:3)
  A howler monkey zombie (D:10)
  A worker ant zombie (D:6)
  11 gnolls
  2 howler monkey skeletons
  14 adders
  2 naga simulacra (IceCv)
  An ogre simulacrum (IceCv)
  10 river rats
  9 shadow imps
  12 white imps
  3 ufetubi
  2 oozes
  2 adder zombies
  3 adder skeletons
  2 worms (D:2)
  2 ball lightnings (Pan)
  2 dart slugs
  3 leopard geckos
  105 orcs
  9 bats
  8 giant cockroaches
  13 goblins
  6 hobgoblins
  14 kobolds
  3 quokkas
  A ball python (D:3)
  5 frilled lizards
  A hobgoblin skeleton (Crypt:2)
  A jackal skeleton (D:6)
  A kobold skeleton (Geh:7)
  A quokka skeleton (D:4)
  9 rats
  A rat zombie (Crypt:3)
  4 crawling corpses
  5 fire vortices (Pan)
  A plant (Swamp:3)
  2 tentacles
4899 creatures vanquished.

Vanquished Creatures (collateral kills)
  A death ooze (Slime:5)
  2 great orbs of eyes (Slime:5)
3 creatures vanquished.

Vanquished Creatures (others)
  A death cob (Zot:2)
  An eldritch tentacle (Pan)
  A blood saint (Pan)
  A war gargoyle (Vaults:5)
  A red draconian (Zot:3)
  A blizzard demon (Pan)
  A deep elf death mage (Crypt:2)
  A hell hog (Geh:7)
  A deep troll (Depths:1)
  2 wizards (Depths:4)
  2 deep elf magi
  A shadow dragon skeleton (Coc:7)
  A slime creature (Swamp:4)
  A manticore (D:14)
  A smoke demon (Pan)
  A jumping spider (Spider:3)
  A fire elemental (Geh:7)
  2 chaos spawn (Pan)
  An acid dragon (Zot:1)
  A small abomination (Abyss:1)
  A necrophage (Geh:5)
  3 ogres
  A centaur (Lair:6)
  A bullfrog (D:4)
  A crimson imp (Geh:1)
  An iguana (D:4)
  3 orc wizards
  A hell rat (Lair:3)
  2 adders (D:4)
  A river rat (Lair:3)
  16 ball lightnings (Pan)
  A leopard gecko (D:4)
  3 orcs
  A ball python (D:4)
  A kobold skeleton (Geh:7)
  A briar patch (Pan)
  A bush (D:14)
  2 fungi (Lair:2)
  A lurking horror (Abyss:4)
  11 plants
  17 tentacles
93 creatures vanquished.

Grand Total: 4995 creatures vanquished

Notes
Turn   | Place    | Note
-------+----------+-------------------------------------------
     0 | D:1      | Delamore the Gargoyle Fighter began the quest for the Orb.
     0 | D:1      | Reached XP level 1. HP: 14/14 MP: 1/1
   236 | D:1      | Reached XP level 2. HP: 17/20 MP: 2/2
   703 | D:1      | Reached XP level 3. HP: 24/24 MP: 3/3
   999 | D:2      | Noticed Terence
  1005 | D:2      | Killed Terence
  1055 | D:2      | Reached XP level 4. HP: 30/30 MP: 4/4
  1370 | D:2      | Found a blossoming altar of Fedhas.
  1832 | D:2      | Found a shimmering blue altar of Sif Muna.
  1867 | D:3      | Noticed Grinder
  1869 | D:3      | Paralysed by Grinder for 6 turns
  2150 | D:3      | Paralysed by Grinder for 7 turns
  2235 | D:3      | Killed Grinder
  2235 | D:3      | Reached XP level 5. HP: 21/34 MP: 1/5
  2235 | D:3      | Reached XP level 6. HP: 24/39 MP: 2/6
  2777 | D:3      | Found a sacrificial altar of Ru.
  2818 | D:3      | Noticed Natasha
  2827 | D:3      | Killed Natasha
  2878 | D:3      | Noticed Natasha
  2884 | D:3      | Killed Natasha
  3056 | D:3      | Noticed Natasha
  3066 | D:3      | Killed Natasha
  3066 | D:3      | Reached XP level 7. HP: 44/44 MP: 2/7
  3220 | D:3      | Noticed Robin
  3265 | D:3      | Killed Robin
  3657 | D:4      | Found a hide-covered altar of Uskayaw.
  3849 | D:4      | Found a shimmering altar of Xom.
  4227 | D:4      | Found an ancient bone altar of Kikubaaqudgha.
  4376 | D:4      | Found a glowing silver altar of Zin.
  4482 | D:5      | Entered Level 5 of the Dungeon
  4774 | D:5      | Reached XP level 8. HP: 48/48 MP: 2/8
  6119 | D:6      | Reached skill level 10 in Maces & Flails
  6309 | D:6      | Noticed Eustachio
  6328 | D:6      | Killed Eustachio
  6335 | D:6      | Reached XP level 9. HP: 28/52 MP: 9/9
  6481 | D:6      | Found a radiant altar of Vehumet.
  6907 | D:6      | Found a runed translucent door.
  6908 | D:6      | Noticed pentaxis93's ghost (novice OpCj)
  7363 | D:7      | Found a hazy altar of Hepliaklqana.
  7456 | D:7      | Found a stormy altar of Qazlal.
  7554 | D:7      | Found a sparkling altar of Nemelex Xobeh.
  7617 | D:7      | Found a sacrificial altar of Ru.
  7618 | D:7      | Found an ancient bone altar of Kikubaaqudgha.
  7618 | D:7      | Found a shadowy altar of Dithmenos.
  7618 | D:7      | Found an opulent altar of Gozag.
  7668 | D:7      | Noticed a kobold demonologist
  7669 | D:7      | Noticed a four-headed hydra
  7696 | D:7      | Gained mutation: You expend magic power (3 MP) to
                  | strengthen your wands. [potion of mutation]
  7696 | D:7      | Gained mutation: You are somewhat resistant to further
                  | mutation. [potion of mutation]
  7707 | D:7      | Killed a four-headed hydra
  7721 | D:7      | Noticed an orange demon
  7728 | D:7      | Noticed a sun demon
  7728 | D:7      | Killed a kobold demonologist
  7728 | D:7      | Reached XP level 10. HP: 43/58 MP: 10/10
  8578 | D:7      | Identified a scroll of acquirement
  8580 | D:7      | Got the amulet of Idealism {Acrobat rC+ rN+ MR+}
  8833 | D:7      | Found a staircase to the Ecumenical Temple.
  8850 | Temple   | Entered the Ecumenical Temple
  8912 | Temple   | Became a worshipper of Warmaster Okawaru
  8982 | D:8      | Noticed Grum
  9316 | D:8      | Killed Grum
  9381 | D:8      | Noticed a white ugly thing
  9404 | D:8      | Killed a white ugly thing
  9719 | D:8      | Reached * piety under Okawaru
 10050 | D:9      | Found the +4 robe of Augmentation {Str+4 Int+4 Dex+4}
 10087 | D:9      | Found a snail-covered altar of Cheibriados.
 10723 | D:9      | Reached skill level 5 in Fighting
 11161 | D:8      | Reached skill level 5 in Shields
 11161 | D:8      | Reached XP level 11. HP: 40/64 MP: 11/11
 11323 | D:9      | Found a staircase to the Orcish Mines.
 11341 | D:9      | Found an opulent altar of Gozag.
 11790 | D:9      | Found Cefet's Weapon Emporium.
 11976 | D:10     | Entered Level 10 of the Dungeon
 12002 | D:10     | Reached ** piety under Okawaru
 12554 | D:10     | Noticed a death yak
 12555 | D:10     | Noticed a death yak
 12611 | D:9      | Killed a death yak
 12865 | D:10     | Noticed a death yak
 12921 | D:9      | Killed a death yak
 13194 | D:10     | Killed a death yak
 13194 | D:10     | Reached *** piety under Okawaru
 13360 | D:10     | Found a staircase to the Lair.
 14316 | Lair:1   | Entered Level 1 of the Lair of Beasts
 14596 | Lair:1   | Reached **** piety under Okawaru
 15091 | Lair:1   | Reached skill level 10 in Shields
 15218 | Lair:1   | Reached XP level 12. HP: 69/73 MP: 12/12
 17013 | Lair:2   | Reached ***** piety under Okawaru
 17286 | Lair:2   | Received a gift from Okawaru
 17312 | Lair:2   | Got a shimmering helmet {god gift}
 17641 | Lair:2   | Identified the -3 helmet of the Lily {MR+ rCorr Slay+2}
                  | (Okawaru gifted it to you on level 2 of the Lair of Beasts)
 18058 | Lair:2   | Found a hole to the Spider Nest.
 18353 | Lair:2   | Reached skill level 10 in Fighting
 19170 | Lair:3   | Noticed a six-headed hydra
 19201 | Lair:3   | Killed a six-headed hydra
 19201 | Lair:3   | Reached XP level 13. HP: 38/84 MP: 8/13
 19824 | Lair:3   | Found a staircase to the Swamp.
 20610 | Lair:4   | Got the +5 eveningstar "Yshrix" {flame, Int+9 SInv Stlth-}
 20738 | Lair:4   | Found a gate leading to a gauntlet.
 20747 | Gauntlet | Entered a Gauntlet
 20747 | Gauntlet | Found a transporter.
 20753 | Gauntlet | Found a transporter.
 20754 | Gauntlet | Found a transporter.
 20758 | Gauntlet | Found a runed translucent door.
 20767 | Gauntlet | Found a runed translucent door.
 20772 | Gauntlet | Found a transporter.
 20774 | Gauntlet | Found a transporter.
 20778 | Gauntlet | Noticed a great orb of eyes
 20785 | Gauntlet | Found a transporter.
 20800 | Gauntlet | Found a transporter.
 20806 | Gauntlet | Found a transporter.
 20823 | Gauntlet | Noticed a death ooze
 20827 | Gauntlet | Found a transporter.
 20845 | Gauntlet | Found a transporter.
 20854 | Gauntlet | Found a transporter.
 20857 | Gauntlet | Found a transporter.
 20888 | Gauntlet | Found a transporter.
 20903 | Gauntlet | Found a transporter.
 21202 | Gauntlet | Reached skill level 15 in Maces & Flails
 21307 | Gauntlet | Got a smoking bone amulet
 21413 | Gauntlet | Identified the amulet "Oriuvi" {Reflect rN+ SH+5} (You
                  | found it in a Gauntlet)
 21428 | Gauntlet | Killed a great orb of eyes
 21589 | Gauntlet | Identified the cursed +1 rapier of Pias {vorpal, rElec rN+}
 21589 | Gauntlet | Noticed a minotaur
 21600 | Gauntlet | Killed a minotaur
 22834 | Lair:5   | Received a gift from Okawaru
 22835 | Lair:5   | Got a faintly glowing great mace {god gift}
 22940 | Lair:5   | Found a staircase to the Slime Pits.
 22977 | Lair:5   | Noticed Josephine
 22990 | Lair:5   | Killed Josephine
 23287 | Lair:5   | Found a viscous altar of Jiyva.
 23545 | Lair:6   | Entered Level 6 of the Lair of Beasts
 23699 | Lair:6   | Gained mutation: Your large and strong wings let you fly
                  | indefinitely. [Gargoyle growth]
 23699 | Lair:6   | Reached XP level 14. HP: 74/90 MP: 14/14
 23939 | Lair:6   | Received a gift from Okawaru
 25268 | Lair:6   | Found a shattered altar of Ashenzari.
 25903 | Orc:1    | Entered Level 1 of the Orcish Mines
 25930 | Orc:1    | Found a flagged portal.
 25944 | Bailey   | Entered a bailey
 26622 | Bailey   | Got a crude plate armour
 26642 | Bailey   | Identified the +5 plate armour of the Nexus {rC+ Dex+2}
                  | (You found it in a bailey)
 27132 | Orc:1    | Found Poisool's Armour Shoppe.
 27364 | Orc:2    | Entered Level 2 of the Orcish Mines
 27368 | Orc:2    | Found a staircase to the Elven Halls.
 28073 | Orc:2    | Reached ****** piety under Okawaru
 28074 | Orc:2    | Found Bubriakh's Antique Armour Boutique.
 28101 | Orc:2    | Found Zaxaov's Book Shop.
 28195 | Orc:2    | Found an ancient bone altar of Kikubaaqudgha.
 28196 | Orc:2    | Noticed Nergalle
 28207 | Orc:2    | Killed Nergalle
 28211 | Orc:2    | Reached XP level 15. HP: 96/96 MP: 15/15
 28250 | Orc:2    | Received a gift from Okawaru
 28256 | Orc:2    | Found a radiant altar of Vehumet.
 28261 | Orc:2    | Got an encrusted scale mail {god gift}
 28272 | Orc:2    | Identified the +6 scale mail of Exclusion {Int+3 SInv}
                  | (Okawaru gifted it to you on level 2 of the Orcish Mines)
 28358 | Orc:2    | Found a roughly hewn altar of Beogh.
 28372 | Orc:2    | Found Ruig's Book Shop.
 28408 | Orc:2    | Found Eteurgh's Magic Scroll Boutique.
 28415 | Orc:2    | Bought a scroll of identify for 26 gold pieces
 28415 | Orc:2    | Bought a scroll of identify for 26 gold pieces
 28415 | Orc:2    | Bought a scroll of identify for 26 gold pieces
 28415 | Orc:2    | Bought a scroll of identify for 26 gold pieces
 28415 | Orc:2    | Bought a scroll of noise for 13 gold pieces
 29317 | Orc:2    | Found an iron altar of Okawaru.
 29965 | D:11     | Found Sownyt's Changing Room.
 29987 | D:11     | Bought a potion of mutation for 120 gold pieces
 29987 | D:11     | Bought a potion of mutation for 120 gold pieces
 30719 | D:12     | Reached skill level 5 in Armour
 30762 | D:12     | Identified the +0 great mace of Defiance {vorpal, MR+}
                  | (Okawaru gifted it to you on level 5 of the Lair of Beasts)
 31293 | D:13     | Noticed a fire giant
 32219 | D:14     | Received a gift from Okawaru
 32307 | D:14     | Found a gate to the Vaults.
 32886 | D:15     | Entered Level 15 of the Dungeon
 32893 | D:15     | Reached skill level 10 in Armour
 33135 | D:15     | Found a frozen archway.
 33151 | D:15     | Reached XP level 16. HP: 58/103 MP: 16/16
 33170 | IceCv    | Entered an ice cave
 34163 | D:15     | Received a gift from Okawaru
 34425 | Swamp:1  | Entered Level 1 of the Swamp
 34461 | Swamp:1  | Received a gift from Okawaru
 34477 | Swamp:1  | Got an encrusted cloak {god gift}
 34656 | Swamp:1  | Identified the +5 cloak of Disappointment {rF+ rCorr MP+9}
                  | (Okawaru gifted it to you on level 1 of the Swamp)
 35673 | Swamp:2  | Noticed Nikola
 35692 | Swamp:2  | Killed Nikola
 36304 | Swamp:3  | Noticed a thorn hunter
 36315 | Swamp:2  | Killed a thorn hunter
 36481 | Swamp:3  | Reached skill level 15 in Shields
 36481 | Swamp:3  | Reached skill level 1 in Invocations
 36795 | Swamp:3  | Got the ring of Salvation {rF+ rC++ rN+ rCorr}
 36899 | Swamp:3  | Received a gift from Okawaru
 37408 | Swamp:3  | Reached skill level 5 in Invocations
 37695 | Swamp:4  | Entered Level 4 of the Swamp
 37713 | Swamp:4  | Reached XP level 17. HP: 108/108 MP: 21/21
 38086 | Swamp:4  | Reached skill level 1 in Evocations
 38102 | Swamp:4  | Received a gift from Okawaru
 38116 | Swamp:4  | Got a pair of pitted boots {god gift}
 38579 | Swamp:4  | Noticed Roxanne
 38685 | Swamp:4  | Identified the +2 pair of boots of Patience {+Fly rF+
                  | rCorr} (Okawaru gifted it to you on level 4 of the Swamp)
 38692 | Swamp:4  | Identified the +8 short sword of Shrieking Terror {flame,
                  | Str-4 Dex+5 SInv Stlth+}
 38700 | Swamp:4  | Reached skill level 5 in Evocations
 39119 | Swamp:4  | Got a decaying rune of Zot
 39391 | Spider:1 | Entered Level 1 of the Spider Nest
 40788 | Spider:2 | Received a gift from Okawaru
 41884 | Spider:3 | Noticed Arachne
 42055 | Spider:2 | Killed Arachne
 42601 | Spider:3 | Reached XP level 18. HP: 100/114 MP: 24/24
 42858 | Spider:4 | Entered Level 4 of the Spider Nest
 43925 | Spider:4 | Received a gift from Okawaru
 44377 | Spider:4 | Reached skill level 15 in Fighting
 45098 | Spider:4 | Got a gossamer rune of Zot
 45575 | Spider:4 | Noticed Mara
 45611 | Spider:4 | Killed Mara
 46262 | D:13     | Received a gift from Okawaru
 46992 | Vaults:1 | Entered Level 1 of the Vaults
 47029 | Vaults:1 | Reached XP level 19. HP: 36/128 MP: 25/25
 47510 | Vaults:1 | Received a gift from Okawaru
 47898 | Vaults:1 | You are sucked into a shaft and drop 1 floor!
 48326 | Vaults:2 | Noticed Boris
 48341 | Vaults:2 | Killed Boris
 48754 | Vaults:2 | Received a gift from Okawaru
 49290 | Vaults:2 | Received a gift from Okawaru
 49560 | Vaults:2 | Reached XP level 20. HP: 137/137 MP: 26/26
 49777 | Vaults:2 | Found Dugraj's Assorted Antiques.
 49784 | Vaults:2 | Bought a scroll of blinking for 202 gold pieces
 49784 | Vaults:2 | Bought a papyrus book for 405 gold pieces
 50361 | Vaults:3 | Identified the Almanac of the Feathery Blaze
 50374 | Vaults:3 | You are sucked into a shaft and drop 1 floor!
 50521 | Vaults:3 | Found a portal to a secret trove of treasure.
 50540 | Vaults:3 | You paid a toll of 4 scrolls of fog to enter a treasure
                  | trove
 50541 | Trove    | Entered a treasure trove
 50545 | Trove    | Found the +3 robe of Clouds {+Thunder rCloud rElec}
 50550 | Trove    | Got a twisted tower shield
 50552 | Trove    | Got a steaming tower shield
 50554 | Trove    | Got a glimmering chain mail
 50556 | Trove    | Got an encrusted plate armour
 50570 | Trove    | Got ancient shadow dragon scales
 50572 | Trove    | Got a slimy hat
 50585 | Trove    | Got a slimy helmet
 50587 | Trove    | Got a pair of steaming gloves
 50593 | Trove    | Got a pair of jewelled boots
 50613 | Vaults:3 | Identified the +10 shadow dragon scales "Gaomn" {+Fly rElec
                  | Regen+ Stlth++++} (You found it in a treasure trove)
 50634 | Vaults:3 | Identified the +1 helmet of a volcano {rF+} (You found it
                  | in a treasure trove)
 50644 | Vaults:3 | Identified the +1 hat of Boredom {rF- Str+8 Dex-4} (You
                  | found it in a treasure trove)
 50654 | Vaults:3 | Found Lolom's Assorted Antiques.
 50668 | Vaults:3 | Identified the +0 pair of gloves of the Volcano {Str+4
                  | Dex-5 SInv} (You found it in a treasure trove)
 50685 | Vaults:3 | Identified the +5 tower shield of Disappointment {rElec
                  | Int-2 Dex+4 Stlth+} (You found it in a treasure trove)
 50695 | Vaults:3 | Identified the +2 tower shield of Micack {rPois Regen+
                  | Str-5 Stlth+} (You found it in a treasure trove)
 50715 | Vaults:3 | Identified the +1 chain mail of the Three Dreams {+Fly rF+
                  | Regen+} (You found it in a treasure trove)
 50725 | Vaults:3 | Identified the cursed +0 plate armour of Inebb {rElec rF+}
                  | (You found it in a treasure trove)
 50736 | Vaults:3 | Identified the +2 pair of boots "Hamenido" {+Inv rN++ MR+
                  | Int-3} (You found it in a treasure trove)
 50824 | Vaults:3 | Bought a potion of curing for 120 gold pieces
 50824 | Vaults:3 | Bought a scroll of identify for 80 gold pieces
 50824 | Vaults:3 | Bought a papyrus book for 600 gold pieces
 51058 | Vaults:3 | Identified the +7 morningstar "Ohaomiup" {antimagic, Dex+2}
                  | (You found it on level 3 of the Vaults)
 51150 | Vaults:3 | Received a gift from Okawaru
 51612 | Vaults:3 | Got a jewelled helmet
 51623 | Vaults:3 | Identified the +1 helmet of Usuhint {*Drain Str+8} (You
                  | found it on level 3 of the Vaults)
 51731 | Vaults:3 | Noticed Xtahua
 51743 | Vaults:3 | Killed Xtahua
 51897 | Vaults:3 | Found a staircase to the Crypt.
 52792 | Vaults:4 | Reached XP level 21. HP: 138/144 MP: 27/27
 52837 | Vaults:4 | Received a gift from Okawaru
 53514 | Vaults:5 | Entered Level 5 of the Vaults
 53530 | Vaults:5 | Noticed Boris
 53620 | Vaults:5 | Noticed a golden dragon
 53832 | Vaults:4 | Received a gift from Okawaru
 54006 | Vaults:4 | Killed a golden dragon
 54041 | Vaults:5 | Killed Boris
 54217 | Vaults:5 | Reached XP level 22. HP: 102/155 MP: 28/28
 54243 | Vaults:5 | Received a gift from Okawaru
 54436 | Vaults:5 | Received a gift from Okawaru
 54564 | Vaults:5 | Got an ivory morningstar {god gift}
 54565 | Vaults:5 | Identified the +5 morningstar "Surov" {pain, rF+ MR+ Str+3}
                  | (Okawaru gifted it to you on level 5 of the Vaults)
 54670 | Vaults:5 | Identified the +8 glaive of Subjectivity {venom, +Blink
                  | rC+}
 54670 | Vaults:5 | Identified the ring of Laoxkur {Fire *Corrode +Blink Str+10
                  | Stlth+}
 55063 | Vaults:5 | Found the cursed +14 obsidian axe {vorpal, +Fly SInv
                  | *Curse}
 55145 | Vaults:5 | Noticed an ancient lich
 55154 | Vaults:5 | Killed an ancient lich
 55166 | Vaults:5 | Received a gift from Okawaru
 55296 | Vaults:5 | Got a silver rune of Zot
 55612 | Vaults:5 | Identified the +6 dire flail "Grim Tooth" {speed, rElec}
                  | (You found it on level 5 of the Vaults)
 55939 | Orc:2    | Bought a book of Minor Magic for 260 gold pieces
 55989 | Orc:2    | Bought a book of Spatial Translocations for 975 gold pieces
 55992 | Orc:2    | Learned a level 2 spell: Blink
 55996 | Orc:2    | Learned a level 3 spell: Lesser Beckoning
 56005 | Orc:2    | Learned a level 8 spell: Necromutation
 56056 | Elf:1    | Entered Level 1 of the Elven Halls
 56191 | Elf:1    | Identified the Disquisition on Creative Battle Magic
 57185 | Elf:2    | Reached XP level 23. HP: 162/162 MP: 29/29
 57251 | Elf:2    | Found a runed translucent gate.
 57251 | Elf:2    | Found a runed translucent gate.
 57251 | Elf:2    | Found a runed translucent gate.
 57419 | Elf:2    | Cast into level 1 of the Abyss (deep elf mage)
 57421 | Abyss:1  | Found a corrupted altar of Lugonu.
 57846 | Abyss:1  | Found a corrupted altar of Lugonu.
 58123 | Abyss:3  | Gained mutation: You are frail. (-10% HP) [a neqoxec]
 58181 | Abyss:3  | Received a gift from Okawaru
 58545 | Elf:2    | Escaped the Abyss
 58639 | Elf:2    | Lost mutation: You are frail. (-10% HP) [potion of
                  | mutation]
 58639 | Elf:2    | Lost mutation: You expend magic power (3 MP) to strengthen
                  | your wands. [potion of mutation]
 58639 | Elf:2    | Lost mutation: You are somewhat resistant to further
                  | mutation. [potion of mutation]
 58639 | Elf:2    | Gained mutation: Scrolls take you a little longer to read.
                  | [potion of mutation]
 58639 | Elf:2    | Gained mutation: Your spells are a little easier to cast,
                  | but a little less powerful. [potion of mutation]
 58639 | Elf:2    | Gained mutation: You are robust. (+10% HP) [potion of
                  | mutation]
 58640 | Elf:2    | Lost mutation: Your spells are a little easier to cast, but
                  | a little less powerful. [potion of mutation]
 58640 | Elf:2    | Lost mutation: Scrolls take you a little longer to read.
                  | [potion of mutation]
 58640 | Elf:2    | Gained mutation: You expend magic power (3 MP) to
                  | strengthen your wands. [potion of mutation]
 58640 | Elf:2    | Gained mutation: You have a pair of small horns on your
                  | head. [potion of mutation]
 58641 | Elf:2    | Lost mutation: You expend magic power (3 MP) to strengthen
                  | your wands. [potion of mutation]
 58641 | Elf:2    | Lost mutation: You have a pair of small horns on your head.
                  | [potion of mutation]
 58641 | Elf:2    | Lost mutation: You are robust. (+10% HP) [potion of
                  | mutation]
 58641 | Elf:2    | Gained mutation: You are clumsy. (Dex -2) [potion of
                  | mutation]
 58641 | Elf:2    | Gained mutation: Your skin changes colour to match your
                  | surroundings (Stealth+). [potion of mutation]
 58641 | Elf:2    | Gained mutation: You have sharp fingernails. [potion of
                  | mutation]
 59268 | Elf:3    | Entered Level 3 of the Elven Halls
 59329 | Elf:3    | Found Wucaom's Weapon Shoppe.
 59343 | Elf:3    | Received a gift from Okawaru
 59575 | Elf:3    | Reached skill level 1 in Throwing
 59696 | Elf:3    | Gained mutation: Your spells are a little easier to cast,
                  | but a little less powerful. [a neqoxec]
 59802 | Elf:3    | Found the +10 dark maul {vorpal}
 59869 | Elf:3    | Got a shimmering wooden ring
 59872 | Elf:3    | Identified the ring "Zeucsil" {*Slow rPois rC+ Int+3} (You
                  | found it on level 3 of the Elven Halls)
 60047 | Elf:3    | Noticed Aizul
 60064 | Elf:3    | Killed Aizul
 60097 | Elf:3    | Reached XP level 24. HP: 158/168 MP: 29/29
 60196 | Elf:3    | Reached skill level 5 in Throwing
 61290 | D:15     | Reached skill level 1 in Spellcasting
 61298 | D:15     | Lost mutation: Your spells are a little easier to cast, but
                  | a little less powerful. [potion of mutation]
 61298 | D:15     | Lost mutation: You are clumsy. (Dex -2) [potion of
                  | mutation]
 61298 | D:15     | Gained mutation: You have a pair of small antennae on your
                  | head. [potion of mutation]
 61298 | D:15     | Gained mutation: Your spells are a little easier to cast,
                  | but a little less powerful. [potion of mutation]
 61298 | D:15     | Gained mutation: Your mind is acute. (Int +2) [potion of
                  | mutation]
 61299 | D:15     | Lost mutation: You have a pair of small antennae on your
                  | head. [potion of mutation]
 61299 | D:15     | Lost mutation: Your spells are a little easier to cast, but
                  | a little less powerful. [potion of mutation]
 61299 | D:15     | Gained mutation: Your spells are a little easier to cast,
                  | but a little less powerful. [potion of mutation]
 61299 | D:15     | Gained mutation: You can translocate small distances at
                  | will. [potion of mutation]
 61415 | D:15     | Found a staircase to the Depths.
 61795 | Depths:1 | Entered Level 1 of the Depths
 61913 | Depths:1 | Reached skill level 1 in Translocations
 61975 | Depths:1 | Received a gift from Okawaru
 62006 | Depths:1 | Identified the +12 morningstar "Olajyiceu" {vorpal, rN+}
                  | (Okawaru gifted it to you on level 1 of the Depths)
 62275 | Depths:1 | Found a one-way gate leading to the halls of Pandemonium.
 62669 | Depths:1 | Found a gateway to Hell.
 62671 | Depths:1 | Reached skill level 5 in Spellcasting
 62994 | Depths:1 | Found a one-way gate to the infinite horrors of the Abyss.
 63056 | Depths:2 | Reached skill level 5 in Translocations
 63082 | Depths:2 | Found a gateway to a ziggurat.
 63083 | Depths:2 | Noticed an ancient lich
 63405 | Depths:2 | Killed an ancient lich
 63405 | Depths:2 | Received a gift from Okawaru
 63406 | Depths:2 | Found the +10 morningstar "Eos" {elec, Halo rElec}
 63949 | Depths:2 | Received a gift from Okawaru
 64088 | Depths:2 | Identified the cursed +1 crystal plate armour of Impatience
                  | {rC++} (You found it on level 2 of the Depths)
 64302 | Depths:2 | Reached XP level 25. HP: 165/173 MP: 35/35
 64391 | Depths:2 | Received a gift from Okawaru
 64405 | Depths:2 | You are sucked into a shaft and drop 1 floor!
 64520 | Depths:3 | Found Douteiff's Distillery.
 64543 | Depths:3 | Bought a potion of curing for 69 gold pieces
 64543 | Depths:3 | Bought a potion of curing for 69 gold pieces
 64543 | Depths:3 | Bought 2 potions of might for 184 gold pieces
 64543 | Depths:3 | Bought a potion of heal wounds for 115 gold pieces
 65274 | Depths:3 | Received a gift from Okawaru
 65277 | Depths:3 | Got a pair of fine gloves {god gift}
 65288 | Depths:3 | Identified the +0 pair of gloves of Okawaru's Approval
                  | {Harm rElec MR- SInv} (Okawaru gifted it to you on level 3
                  | of the Depths)
 65342 | Depths:3 | Reached skill level 10 in Spellcasting
 65515 | Depths:4 | Found a glowing golden altar of the Shining One.
 65572 | Depths:4 | Reached skill level 10 in Translocations
 65592 | Depths:4 | Found Xoshruma's Weapon Shop.
 65606 | Depths:4 | Found Gudann's Antique Weapon Shop.
 66208 | Depths:4 | Found Summ's Armour Boutique.
 66437 | Depths:4 | Found Finoer's Book Shoppe.
 66452 | Depths:4 | Identified the Guide on the Mountains and Hexes
 66515 | Depths:4 | Bought a book of Transfigurations for 1045 gold pieces
 66733 | Depths:4 | Noticed an ancient lich
 66776 | Depths:4 | Killed an ancient lich
 66776 | Depths:4 | Received a gift from Okawaru
 66790 | Depths:4 | Identified the +2 pair of boots of the Monkey {rN+++ SInv}
                  | (Okawaru gifted it to you on level 4 of the Depths)
 66992 | Depths:5 | Entered Level 5 of the Depths
 67027 | Depths:4 | Reached XP level 26. HP: 67/179 MP: 32/39
 67375 | Depths:5 | Found a gate to the Realm of Zot.
 67656 | Depths:5 | Found a basalt altar of Yredelemnul.
 67959 | Depths:5 | Received a gift from Okawaru
 68486 | Zot:1    | Entered Level 1 of the Realm of Zot
 68641 | Zot:1    | Found the +0 pair of fencer's gloves {Riposte Dex+3}
 69655 | Zot:2    | Received a gift from Okawaru
 69749 | Zot:2    | Reached XP level 27. HP: 148/188 MP: 39/39
 69761 | Zot:2    | Identified the +10 plate armour "Woyrr" {rPois} (Okawaru
                  | gifted it to you on level 2 of the Realm of Zot)
 69919 | Zot:1    | Gained mutation: You occasionally shout uncontrollably at
                  | your foes. [mutagenic glow]
 69970 | Zot:1    | Gained mutation: You sometimes yell uncontrollably at your
                  | foes. [mutagenic glow]
 69992 | Zot:1    | Gained mutation: You are weak. (Str -2) [mutagenic glow]
 71460 | Zot:2    | Received a gift from Okawaru
 72022 | Zot:3    | Found the ring of Phasing {EV+8}
 72100 | Zot:3    | Noticed an ancient lich
 72117 | Zot:3    | Killed an ancient lich
 72390 | Zot:3    | Noticed an orb of fire
 72401 | Zot:3    | Gained mutation: Potions are less effective at restoring
                  | your health. [an orb of fire]
 72404 | Zot:3    | Killed an orb of fire
 72570 | Zot:3    | You are sucked into a shaft and drop 1 floor!
 72834 | Zot:3    | Received a gift from Okawaru
 72881 | Zot:3    | Identified the +5 morningstar of Omasosmu {flame, rElec rC+
                  | Str-5 Int+3 Dex-5} (Okawaru gifted it to you on level 3 of
                  | the Realm of Zot)
 73349 | Zot:4    | Reached skill level 27 in Shields
 73462 | Zot:4    | Noticed an orb of fire
 73467 | Zot:4    | Gained mutation: You tend to lose your temper in combat.
                  | [an orb of fire]
 73482 | Zot:4    | Killed an orb of fire
 73482 | Zot:4    | Received a gift from Okawaru
 73486 | Zot:4    | Identified the +3 demon whip of Beniamio {elec, SInv}
                  | (Okawaru gifted it to you on level 4 of the Realm of Zot)
 73488 | Zot:4    | Lost mutation: You are weak. (Str -2) [potion of mutation]
 73488 | Zot:4    | Lost mutation: Your spells are a little easier to cast, but
                  | a little less powerful. [potion of mutation]
 73488 | Zot:4    | Lost mutation: You sometimes yell uncontrollably at your
                  | foes. [potion of mutation]
 73488 | Zot:4    | Lost mutation: You occasionally shout uncontrollably at
                  | your foes. [potion of mutation]
 73488 | Zot:4    | Gained mutation: You have very sharp teeth. [potion of
                  | mutation]
 73488 | Zot:4    | Gained mutation: You are surrounded by a mild repulsion
                  | field. (EV +2) [potion of mutation]
 73489 | Zot:4    | Lost mutation: Your skin changes colour to match your
                  | surroundings (Stealth+). [potion of mutation]
 73489 | Zot:4    | Lost mutation: You tend to lose your temper in combat.
                  | [potion of mutation]
 73489 | Zot:4    | Lost mutation: Your mind is acute. (Int +2) [potion of
                  | mutation]
 73489 | Zot:4    | Gained mutation: Your spells are a little harder to cast,
                  | but a little more powerful. [potion of mutation]
 73489 | Zot:4    | Gained mutation: You are partially covered in icy blue
                  | scales. (AC +2) [potion of mutation]
 73489 | Zot:4    | Gained mutation: You have a somewhat thin skeletal
                  | structure. (Dex +2, Stealth) [potion of mutation]
 74163 | Zot:5    | Entered Level 5 of the Realm of Zot
 74774 | Zot:5    | Received a gift from Okawaru
 74862 | Zot:5    | Received a gift from Okawaru
 75146 | Zot:5    | Noticed an orb of fire
 75151 | Zot:5    | Noticed an orb of fire
 75152 | Zot:5    | Noticed an ancient lich
 75162 | Zot:5    | Noticed an orb of fire
 75164 | Zot:5    | Killed an orb of fire
 75166 | Zot:5    | Killed an ancient lich
 75186 | Zot:5    | Gained mutation: Armour fits poorly on your strangely
                  | shaped body. [an orb of fire]
 75193 | Zot:5    | Killed an orb of fire
 75213 | Zot:5    | Killed an orb of fire
 75679 | Zot:5    | Noticed an orb of fire
 75755 | Zot:5    | Killed an orb of fire
 75768 | Zot:5    | Noticed an orb of fire
 75774 | Zot:5    | Killed an orb of fire
 75775 | Zot:5    | Noticed an orb of fire
 75777 | Zot:5    | Received a gift from Okawaru
 75784 | Zot:5    | Lost mutation: Your spells are a little harder to cast, but
                  | a little more powerful. [an orb of fire]
 75786 | Zot:5    | Killed an orb of fire
 76324 | Depths:4 | Fell from the grace of Okawaru
 76324 | Depths:4 | Became a worshipper of the Shining One
 76554 | Crypt:1  | Entered Level 1 of the Crypt
 76597 | Crypt:1  | Reached * piety under the Shining One
 77107 | Crypt:1  | Reached ** piety under the Shining One
 77266 | Crypt:1  | Reached *** piety under the Shining One
 77758 | Crypt:1  | Reached **** piety under the Shining One
 78334 | Crypt:2  | Found a large runed translucent door.
 78334 | Crypt:2  | Found a large runed translucent door.
 78345 | Crypt:2  | Noticed Woadakig's ghost (veteran FoFi)
 78371 | Crypt:2  | Reached ***** piety under the Shining One
 78440 | Crypt:2  | Noticed Bai Suzhen
 78454 | Crypt:2  | Killed Bai Suzhen
 78471 | Crypt:2  | Killed the ghostly Bai Suzhen
 78471 | Crypt:2  | Reached skill level 27 in Fighting
 79005 | Crypt:2  | Killed Woadakig's ghost
 79102 | Crypt:3  | Entered Level 3 of the Crypt
 79102 | Crypt:3  | Reached ****** piety under the Shining One
 79266 | Crypt:3  | Reached skill level 27 in Maces & Flails
 79402 | Crypt:3  | Reached skill level 1 in Dodging
 79571 | Crypt:3  | Found an ancient bone altar of Kikubaaqudgha.
 79679 | Crypt:3  | Got a twitching golden ring
 79680 | Crypt:3  | Identified the ring of Xeistram {rElec Int+3 Dex+6 Stlth+}
                  | (You found it on level 3 of the Crypt)
 79930 | Crypt:3  | Found a staircase to the Tomb.
 80054 | Crypt:3  | Reached skill level 10 in Invocations
 80180 | Crypt:3  | Identified the Papyrus of Orthodoxy
 80734 | Slime:1  | Entered Level 1 of the Pits of Slime
 80797 | Slime:1  | Was forgiven by Okawaru
 80853 | Slime:2  | Reached skill level 15 in Armour
 81065 | Slime:5  | Entered Level 5 of the Pits of Slime
 81091 | Slime:5  | Reached skill level 5 in Dodging
 81092 | Slime:5  | Noticed the Royal Jelly
 81117 | Slime:5  | Killed the Royal Jelly
 81437 | Slime:5  | Gained mutation: You are frail. (-10% HP) [a shining eye]
 81585 | Slime:5  | Identified the Almanac of Ensnaring Stolen Souls
 81595 | Slime:5  | Found the +2 Maxwell's thermic engine {flame, freeze}
 81621 | Slime:5  | Got a transparent bone ring
 81635 | Slime:5  | Got a vibrating bronze amulet
 81649 | Slime:5  | Got a slimy rune of Zot
 81800 | Slime:5  | Identified the cursed +0 great mace of Xisiv {holy, rC-
                  | MP+9 SInv Stlth+} (You found it on level 5 of the Pits of
                  | Slime)
 81801 | Slime:5  | Identified the ring "Bewn" {Str+5 Int+6 Dex-3} (You found
                  | it on level 5 of the Pits of Slime)
 81802 | Slime:5  | Identified the amulet of Atrul {RegenMP +Fly rF+ MR-} (You
                  | found it on level 5 of the Pits of Slime)
 81817 | Slime:5  | Identified a +9 eveningstar of holy wrath (a +9 eveningstar
                  | of freezing blessed by the Shining One)
 81817 | Slime:5  | Received a gift from the Shining One
 82149 | Hell     | Entered the Vestibule of Hell
 82149 | Hell     | Noticed Geryon
 82185 | Hell     | Noticed Murray
 82245 | Hell     | Killed Murray
 82415 | Hell     | Killed Geryon
 82485 | Hell     | Found a gateway to the decaying netherworld of Tartarus.
 82493 | Tar:1    | Entered Level 1 of Tartarus
 82741 | Tar:1    | Reached skill level 15 in Invocations
 82818 | Tar:1    | You fall into a shaft and drop 1 floor!
 83673 | Tar:7    | Entered Level 7 of Tartarus
 83836 | Tar:7    | Identified the Reference Book on the Ensnaring Birds
 83966 | Tar:7    | Noticed Ereshkigal
 83968 | Tar:7    | Found the +10 tower shield of Ignorance {rN+ Int-4}
 83991 | Tar:7    | Killed Ereshkigal
 84050 | Tar:7    | Identified the +8 gold dragon scales of Sorcery {*Drain
                  | rPois rF+ rC+ Str+6 Stlth+} (You found it on level 7 of
                  | Tartarus)
 84058 | Tar:7    | Got a bone rune of Zot
 84061 | Tar:7    | Got a sparkling pewter amulet
 84068 | Tar:7    | Identified the amulet "Ses Haec" {Regen+ Dex+5 Slay-4} (You
                  | found it on level 7 of Tartarus)
 84161 | Hell     | Found a gateway to the freezing wastes of Cocytus.
 84171 | Coc:1    | Entered Level 1 of Cocytus
 84199 | Coc:1    | You are sucked into a shaft and drop 1 floor!
 84214 | Coc:2    | Reached skill level 10 in Dodging
 84284 | Coc:4    | You are sucked into a shaft and drop 2 floors!
 84335 | Coc:7    | Entered Level 7 of Cocytus
 84467 | Coc:7    | Noticed Antaeus
 84502 | Coc:7    | Killed Antaeus
 84514 | Coc:7    | Got an icy rune of Zot
 84782 | Hell     | Found a gateway to the Iron City of Dis.
 84793 | Dis:1    | Entered Level 1 of the Iron City of Dis
 85974 | Dis:7    | Entered Level 7 of the Iron City of Dis
 86374 | Dis:7    | Found the +2 shield of Resistance {rF+ rC+ MR+}
 86708 | Dis:7    | Identified the +4 staff of Dispater
 86708 | Dis:7    | Noticed Dispater
 86731 | Dis:7    | Killed Dispater
 86762 | Dis:7    | Got a bound iron ring
 86764 | Dis:7    | Got an iron rune of Zot
 86766 | Dis:7    | Got a scorched copper ring
 86770 | Dis:7    | Identified the ring "Hayruola" {+Inv rF+ rC+ Str+4} (You
                  | found it on level 7 of the Iron City of Dis)
 86771 | Dis:7    | Identified the ring "Lionait" {rElec Dex+2 Stlth-} (You
                  | found it on level 7 of the Iron City of Dis)
 86874 | Hell     | Found a gateway to the ashen valley of Gehenna.
 86889 | Geh:1    | Entered Level 1 of Gehenna
 87931 | Geh:7    | Entered Level 7 of Gehenna
 88041 | Geh:7    | Noticed the Serpent of Hell
 88049 | Geh:7    | Killed the Serpent of Hell
 88298 | Geh:7    | Got a wavering steel ring
 88299 | Geh:7    | Identified the ring of Jaeric {*Corrode rF+ MR+ Int+7
                  | Dex-3} (You found it on level 7 of Gehenna)
 88321 | Geh:7    | Identified the Disquisition on Fetching Earth
 88369 | Geh:7    | Identified the +7 sceptre of Asmodeus
 88369 | Geh:7    | Noticed Asmodeus
 88384 | Geh:7    | Killed Asmodeus
 88390 | Geh:7    | Got an obsidian rune of Zot
 88612 | Pan      | Entered Pandemonium
 88629 | Pan      | Noticed Umanied the pandemonium lord
 88665 | Pan      | Killed Umanied the pandemonium lord
 88949 | Pan      | Gained mutation: You are very frail. (-20% HP) [a neqoxec]
 89019 | Pan      | Noticed Unawidi the pandemonium lord
 89034 | Pan      | Killed Unawidi the pandemonium lord
 89159 | Pan      | Gained mutation: You are dopey. (Int -2) [a cacodemon]
 89170 | Pan      | Lost mutation: You are very frail. (-20% HP) [potion of
                  | mutation]
 89170 | Pan      | Lost mutation: You are dopey. (Int -2) [potion of mutation]
 89170 | Pan      | Lost mutation: Armour fits poorly on your strangely shaped
                  | body. [potion of mutation]
 89170 | Pan      | Lost mutation: You are frail. (-10% HP) [potion of
                  | mutation]
 89170 | Pan      | Lost mutation: You can translocate small distances at will.
                  | [potion of mutation]
 89170 | Pan      | Gained mutation: You are robust. (+10% HP) [potion of
                  | mutation]
 89239 | Pan      | Noticed Zupt the pandemonium lord
 89249 | Pan      | Killed Zupt the pandemonium lord
 89401 | Pan      | Reached skill level 15 in Dodging
 89591 | Depths:1 | Escaped Pandemonium
 89593 | Pan      | Entered Pandemonium
 89727 | Pan      | Found an exit through the horrors of the Abyss.
 89912 | Pan      | Noticed Zireruys the pandemonium lord
 89918 | Pan      | Killed Zireruys the pandemonium lord
 90458 | Pan      | Noticed Toymoapp the pandemonium lord
 90501 | Pan      | Killed Toymoapp the pandemonium lord
 90511 | Pan      | Paralysed by accursed screaming for 1 turns
 90521 | Pan      | Got a demonic rune of Zot
 90686 | Pan      | Entered the realm of Lom Lobon.
 90686 | Pan      | Noticed Lom Lobon
 90722 | Pan      | Killed Lom Lobon
 91200 | Pan      | Identified the +2 pair of gloves of the Countless Coins
                  | {*Slow rPois Str+5} (You found it in Pandemonium)
 91306 | Pan      | Got a magical rune of Zot
 91406 | Pan      | Entered the realm of Cerebov.
 91528 | Pan      | Found an exit through the horrors of the Abyss.
 91764 | Pan      | Got a warped jade ring
 91765 | Pan      | Identified the ring of Tomorrow {rF+ rC+ Int+2 Stlth+} (You
                  | found it in Pandemonium)
 91958 | Pan      | Identified the Collected Works on Malediction and Changing
 92287 | Pan      | Reached skill level 27 in Invocations
 92474 | Pan      | Identified the +6 sword of Cerebov {flame}
 92474 | Pan      | Noticed Cerebov
 92511 | Pan      | Killed Cerebov
 92679 | Pan      | Got a fiery rune of Zot
 92759 | Pan      | Noticed Cimiwuh the pandemonium lord
 92766 | Pan      | Killed Cimiwuh the pandemonium lord
 92953 | Pan      | Found an exit through the horrors of the Abyss.
 92966 | Pan      | Entered the realm of Gloorx Vloq.
 93006 | Pan      | Found an exit through the horrors of the Abyss.
 93183 | Pan      | Noticed Gloorx Vloq
 93189 | Pan      | Killed Gloorx Vloq
 93217 | Pan      | Got a dark rune of Zot
 93343 | Pan      | Noticed Opeogreg the pandemonium lord
 93363 | Pan      | Killed Opeogreg the pandemonium lord
 93555 | Pan      | Found an exit through the horrors of the Abyss.
 93577 | Pan      | Noticed Uwuq Okk the pandemonium lord
 93591 | Pan      | Killed Uwuq Okk the pandemonium lord
 93640 | Depths:1 | Escaped Pandemonium
 93642 | Pan      | Entered Pandemonium
 93740 | Pan      | Gained mutation: You do not regenerate when monsters are
                  | visible. [a cacodemon]
 93903 | Pan      | Noticed Hiady the pandemonium lord
 93921 | Pan      | Killed Hiady the pandemonium lord
 94132 | Pan      | Gained mutation: You tend to lose your temper in combat. [a
                  | cacodemon]
 94269 | Pan      | Entered the realm of Mnoleg.
 94334 | Pan      | Gained mutation: You are clumsy. (Dex -2) [a cacodemon]
 94385 | Pan      | Noticed Mennas
 94411 | Pan      | Killed Mennas
 94703 | Pan      | Gained mutation: You often lose your temper in combat. [a
                  | neqoxec]
 94720 | Pan      | Gained mutation: Your body sometimes deteriorates upon
                  | taking damage. [a neqoxec]
 94722 | Pan      | Gained mutation: Armour fits poorly on your strangely
                  | shaped body. [a neqoxec]
 94732 | Pan      | Gained mutation: Scrolls take you a little longer to read.
                  | [a neqoxec]
 94765 | Pan      | Gained mutation: You are weak. (Str -2) [a cacodemon]
 94785 | Pan      | Gained mutation: Your spells are a little easier to cast,
                  | but a little less powerful. [a neqoxec]
 94810 | Pan      | Gained mutation: You are very weak. (Str -4) [a cacodemon]
 94817 | Pan      | Noticed Mnoleg
 94824 | Pan      | Gained mutation: Your body often deteriorates upon taking
                  | damage. [a cacodemon]
 94838 | Pan      | Killed Mnoleg
 94858 | Pan      | Got a glowing rune of Zot
 95102 | Pan      | Noticed Upuciw the pandemonium lord
 95123 | Pan      | Killed Upuciw the pandemonium lord
 95267 | Pan      | Gained mutation: Potions are poor at restoring your health.
                  | [a cacodemon]
 95355 | Pan      | Noticed Rixink the pandemonium lord
 95368 | Pan      | Killed Rixink the pandemonium lord
 95592 | Pan      | Identified the +5 ring mail of the Kettle-Drum {Harm rElec
                  | Int+3 Dex-2}
 95838 | Pan      | Found an exit through the horrors of the Abyss.
 96079 | Pan      | Gained mutation: Your spells are easier to cast, but less
                  | powerful. [a cacodemon]
 96462 | Pan      | Noticed Muteapt the pandemonium lord
 96475 | Pan      | Killed Muteapt the pandemonium lord
 96880 | Pan      | Gained mutation: You are very clumsy. (Dex -4) [a
                  | cacodemon]
 97054 | Pan      | Noticed Weecegyxa the pandemonium lord
 97077 | Pan      | Gained mutation: Your spells are much easier to cast, but
                  | much less powerful. [a neqoxec]
 97079 | Pan      | Gained mutation: Your magical capacity is low. (-10% MP) [a
                  | cacodemon]
 97091 | Pan      | Killed Weecegyxa the pandemonium lord
 97091 | Pan      | Reached skill level 27 in Armour
 97137 | Pan      | Gained mutation: Potions cannot restore your health. [a
                  | neqoxec]
 97157 | Pan      | Got a smoking bone ring
 97211 | Pan      | Gained mutation: You are dopey. (Int -2) [a neqoxec]
 97214 | Pan      | Gained mutation: Scrolls take you longer to read. [a
                  | neqoxec]
 97344 | Pan      | Gained mutation: Your magical capacity is very low. (-20%
                  | MP) [a neqoxec]
 97347 | Pan      | Gained mutation: You have an uncontrollable temper. [a
                  | neqoxec]
 97563 | Pan      | Noticed Kiytuch the pandemonium lord
 97638 | Pan      | Killed Kiytuch the pandemonium lord
 97775 | Pan      | Gained mutation: Your magical capacity is extremely low.
                  | (-30% MP) [a neqoxec]
 97778 | Pan      | Noticed Agys the pandemonium lord
 97793 | Pan      | Killed Agys the pandemonium lord
 98143 | Pan      | Noticed Egaishiy the pandemonium lord
 98166 | Pan      | Killed Egaishiy the pandemonium lord
 98272 | Pan      | Lost mutation: You are robust. (+10% HP) [a cacodemon]
 98787 | Pan      | Noticed Nillanas the pandemonium lord
 98802 | Pan      | Killed Nillanas the pandemonium lord
 99060 | Pan      | Noticed Ajiase the pandemonium lord
 99072 | Pan      | Killed Ajiase the pandemonium lord
 99995 | Pan      | Found an exit through the horrors of the Abyss.
 99999 | Pan      | Noticed Enut the pandemonium lord
100010 | Pan      | Killed Enut the pandemonium lord
100517 | Pan      | Found an exit through the horrors of the Abyss.
101024 | Pan      | Noticed Pusuepp the pandemonium lord
101039 | Pan      | Killed Pusuepp the pandemonium lord
101722 | Pan      | Noticed Tuemudez the pandemonium lord
101730 | Pan      | Killed Tuemudez the pandemonium lord
101751 | Depths:1 | Escaped Pandemonium
101943 | Zot:5    | Got the Orb of Zot
102177 | Depths:2 | Noticed Xodeel the pandemonium lord
102449 | D:6      | Killed pentaxis93's ghost
102485 | D:5      | Noticed a seraph
102514 | D:5      | HP: 9/199 [daeva/divine providence[a seraph] (8)]
102516 | D:5      | Killed from afar by a daeva

Illustrated notes

Levels and vault maps discovered:
D:1:      scummos_arrival_forest, layout_loops_ring, corexii_corridor_pit
D:2:      layout_basic, led_sif_pool, overflow_temple_1_default, uniq_terence
D:3:      layout_loops_ring, nicolae_overflow_crystal_walls, uniq_grinder,
          uniq_natasha, uniq_robin
D:4:      layout_cave_pods, kiku_gazebo_garden_becter, lemuel_doored_altar,
          kennysheep_mini, xom_confusion_cloud
D:5:      layout_loops_ring, first_ration
D:6:      layout_cave_pods, vehumet_crystals, serial_co_window_serial,
          co_window_corner_a, co_window_paths_a, co_window_paths_b,
          co_window_corner_a, co_window_corner_a, co_window_of_opportunity_c,
          co_window_2corner, co_window_unsneaky_path_e, co_window_sun,
          co_window_paths_d, ebering_ghost_sewer_d, uniq_eustachio
D:7:      minmay_the_grid_octo_tiled_squarecenter
          [minmay_the_grid_octo_checkerflower, minmay_the_grid_octo_shrine,
          minmay_the_grid_octo_clover_2, minmay_the_grid_octo_fat_diamond,
          minmay_the_grid_square_5x5_megaprize_open,
          minmay_the_grid_square_5x5_spiral,
          minmay_the_grid_square_5x5_beaten_path,
          minmay_the_grid_square_5x5_mess,
          minmay_the_grid_square_5x5_checkered_sparse], layout_cave_pools,
          nicolae_qazlal_general_emergency, lemuel_crystal_altar,
          nemelex_xobeh_ov_fountains_minmay, minmay_temple_entry_offerings
D:8:      layout_basic, uniq_grum
D:9:      layout_basic, lemuel_round_altar, nicolae_overflow_hidden_temple,
          hiddenorc1_lemuel, serial_shops, shop
D:10:     layout_cave_pools, dpeg_lair_monsters, david_nohive_1
D:11:     layout_long_grid, minivault_24, nicolae_transmutations_shop
D:12:     layout_irregular_city, serial_undead, serial_undead_f,
          serial_undead_b, serial_undead_e, serial_undead_d, serial_undead_d,
          serial_undead_c, chequers_serial_rivers_large_a
D:13:     minmay_firetagon, layout_loops_ring, serial_rivers,
          chequers_serial_rivers_room_b, chequers_serial_rivers_small_b,
          chequers_serial_rivers_marsh, chequers_serial_rivers_micro_b,
          chequers_serial_rivers_micro_d, bh_chokoban,
          hangedman_abyss_or_decor_lesser_grid
D:14:     layout_irregular_city, skrybe_vaults_entry_preservation,
          serial_park_square2
D:15:     grunt_enter_depths_giant_problem, layout_loops_ring,
          hangedman_decor_diamond_cutter, serial_ice, serial_ice_h,
          serial_ice_d, serial_ice_c, serial_ice_i, serial_ice_f, serial_ice_b,
          serial_ice_a, serial_ice_m, portal_ice_cave_entry_ice_beasts,
          minmay_splitting_lines, grunt_decor_fettered, st_stairs_5
Temple:   kb_corrupted_temple
Lair:1:   layout_long_grid, st_stairs_7, minmay_shattered_shrine
Lair:2:   layout_loops_ring, spider_nest_entry_funnel_web
Lair:3:   layout_cave_pods, swamp_mist, kennysheep_rathole,
          infiniplex_staircase_pool, grunt_megastairs_5
Lair:4:   layout_cellular_growth, gauntlet_entry_generic
Lair:5:   layout_long_grid, slime_altar_1, st_stairs_8, grunt_megastairs_2,
          uniq_josephine
Lair:6:   evilmike_catoblepas_cave, layout_gridlike, serial_forest,
          infiniplex_forest_lined_3, infiniplex_forest_end_2,
          infiniplex_forest_end_1, infiniplex_forest_clump_cross,
          infiniplex_forest_clump_diagonal, infiniplex_forest_clump_curved,
          infiniplex_forest_lined_room_2, infiniplex_forest_straight_3,
          lemuel_centaur_altar
Swamp:1:  layout_basic_swamp, hangedman_swamp_ruin_wall, swamp_pool4,
          nicolae_swamp_spriggan_camp
Swamp:2:  layout_basic_swamp, evilmike_swamp_ruin_house_2,
          infiniplex_staircase_pool_2, uniq_nikola
Swamp:3:  cheibrodos_swamp_heart_of_darkness, layout_basic_swamp,
          evilmike_swamp_ruin_house_4, swamp_pool2
Swamp:4:  swamp, layout_basic_swamp, uniq_roxanne
Spider:1: layout_spider_delve
Spider:2: layout_chambers
Spider:3: layout_spider_delve, uniq_arachne
Spider:4: johnstein_spider_rune_arachne_lair, nicolae_orb_island, uniq_mara
Slime:1:  layout_caves
Slime:2:  layout_caves
Slime:3:  layout_caves
Slime:4:  layout_caves
Slime:5
Orc:1:    layout_caves, serial_shops, shop, lightli_bailey_entry_fortress
Orc:2:    kennysheep_orc_mage_school, layout_caves, okawaru_metal_pillars_3
Elf:1:    layout_geoelf_diagonals, minmay_elf_sorcery
Elf:2:    layout_loops_cross
Elf:3:    grunt_elf_hall_asides, layout_gridlike, serial_shops, shop,
          minivault_19, uniq_aizul
Vaults:1: v_misc_26, vaults_room_hallway, vaults_room_octagon,
          grunt_vaults_funnel, nicolae_vaults_gold_heap,
          nicolae_vaults_ninety_degrees, nicolae_vaults_big_angled_halls,
          v_rooms_5, vaults_room_pools, ontoclasm_vaults_hangar,
          ontoclasm_vaults_shuriken, vaults_room_grunt_arrival_ludios,
          layout_vaults_maze
Vaults:2: hangedman_vaults_maws, grunt_vaults_bifocal, nicolae_vaults_theta,
          v_rooms_4, v_rooms_2, nicolae_vaults_branching_niches,
          ontoclasm_vaults_claustrophobia, nicolae_vaults_network_s,
          vaults_room_boxed, hangedman_vaults_nodes, v_misc_15,
          ontoclasm_vaults_decontamination, nicolae_vaults_inception_statues,
          layout_vaults_omnibox, serial_shops, shop, uniq_boris
Vaults:3: ontoclasm_vaults_ring_small, vaults_room_grunt_arrival_checkpoint,
          minmay_crypt_entry_simple_plaza, vaults_dpeg_spiral,
          nicolae_vaults_network_periphery, vaults_room_fours, vaults_room_pool,
          serial_ice_h, vaults_dpeg_encased_lava, v_misc_33,
          nicolae_vaults_yaktaur_gun_rack, vaults_mumra_chevron,
          layout_vaults_omnigrid, nicolae_trove_entry_crossroad, serial_shops,
          shop, uniq_xtahua
Vaults:4: ontoclasm_vaults_ring_square, hangedman_vaults_capsules,
          grunt_vaults_trifunnel, vaults_room_grid, vaults_room_corners,
          ontoclasm_vaults_eye, hangedman_vaults_stream,
          nicolae_vaults_network_quinsquares
          [nicolae_vaults_network_quincunx_subvault,
          nicolae_vaults_network_quincunx_subvault,
          nicolae_vaults_network_quincunx_subvault,
          nicolae_vaults_network_quincunx_subvault], nicolae_vaults_rhombus_7,
          nicolae_vaults_asterisk, nicolae_vaults_specimen_jars,
          layout_vaults_omnicross
Vaults:5
Crypt:1:  layout_misc_corridors, due_unseen_surprise
Crypt:2:  layout_chaotic_city, ebering_ghost_disaster_area, uniq_bai_suzhen
Crypt:3:  church_of_pain_bobbens, layout_chaotic_city,
          nicolae_tomb_entry_unfolded_pyramid_orthogonal
Depths:1: layout_roguey, abyss_entry_small_statue_room, lightli_too_deep,
          rand_demon_pan_entry_3, minmay_misc_feat_ornament, wad_mini_maze
Depths:2: grunt_crosshair, layout_gridville, enter_ziggurat_d,
          nicolae_ashenzari_panopticon, serial_shops, shop_fountains,
          grunt_hell_entry_dis_mu, minmay_staircase_windowed_large,
          serial_bayou_shore_b
Depths:3: minmay_glassy_protrusions, layout_gridlike, serial_shops,
          kennysheep_little_box, rand_demon_pan_entry_8,
          pf_hell_entry_tar_river, chequers_serial_rivers_micro_a
Depths:4: cheibrodos_cascadia, layout_cave_pools, hell_entry, abyss_entry,
          serial_shops, shop, nicolae_shop_crystal, nicolae_shop_trees,
          nicolae_shop_behind_doors, tso_metal_star
Depths:5: evilmike_zot_entry_basic, layout_cave_shapes, hangedman_coc_ice_floe,
          lemuel_crystal_altar, serial_bayou_shore_b,
          roderic_lattice_octagonal_star
Hell
Dis:1:    layout_chaotic_city
Dis:2:    layout_overlapping_boxes
Dis:3:    layout_subdivisions
Dis:4:    layout_gridville
Dis:5:    layout_overlapping_boxes
Dis:6:    layout_overlapping_boxes
Dis:7:    iron_city_of_dis [dis_old, dis_wall_2], layout_chaotic_city
Geh:1:    layout_gehenna_pools_box
Geh:2:    layout_gehenna_pools_basic
Geh:3:    layout_gehenna_lava_caves
Geh:4:    layout_gehenna_pools_basic
Geh:5:    layout_gehenna_lava_caves
Geh:6:    layout_gehenna_lava_caves
Geh:7:    geh_old
Coc:1:    layout_cocytus_water_paths
Coc:2:    layout_ice_bergs
Coc:3:    layout_ice_bergs
Coc:4:    layout_cocytus_water_paths
Coc:6:    layout_cocytus_water_paths
Coc:7:    coc_hangedman
Tar:1:    layout_grid_maze, nicolae_tar_cuneiform_three, grunt_megastairs_4
Tar:2:    layout_grid_maze
Tar:3:    layout_grid_maze
Tar:4:    grunt_deathspiral_small, layout_cathedral_of_symmetry
Tar:5:    layout_cathedral_of_symmetry
Tar:6:    layout_cathedral_of_symmetry, hangedman_tartarus_temple_path,
          nicolae_tar_cuneiform_heaven, lemuel_nasty_fountain
Tar:7:    tar_minmay_river
Zot:1:    layout_basic, drop_trap, st_large_dragon_hoard_1
Zot:2:    layout_onion, grunt_ministairs_7, st_small_dragon_hoard_3,
          hangedman_snake_sidewinding, grunt_megastairs_3
Zot:3:    layout_concentric_octagons, hangedman_player_shredder
Zot:4:    layout_twisted_circle
Zot:5:    layout_onion

Skill      XL: |  1  2  3  4  5  6  7  8  9 10 11 12 13 14 15 16 17 18 19 20 21 22 23 24 25 26 27 |
---------------+----------------------------------------------------------------------------------+-----
Fighting       | 4 5 8 10 11 12 13 17 18 19 21 22 23 27 | 27.0
Maces & Flails | 3 6 8 11 13 14 16 18 19 21 27 | 27.0
Shields        | 5 10 12 13 14 15 17 19 21 22 25 27 | 27.0
Armour         | 10 14 27 | 27.0
Invocations    | 6 9 27 | 27.0
Evocations     | 8 |  8.6
Throwing       | 4 6 |  6.5
Spellcasting   | 8 12 | 12.3
Translocations | 8 11 12 | 12.1
Dodging        | 24 | 24.2

Action                   |  1- 3 |  4- 6 |  7- 9 | 10-12 | 13-15 | 16-18 | 19-21 | 22-24 | 25-27 || total
-------------------------+-------+-------+-------+-------+-------+-------+-------+-------+-------++-------
Melee: Flail             |   134 |    95 |       |       |       |       |       |       |       ||   229
       Whip              |       |   117 |   527 |  1491 |   130 |       |       |       |       ||  2265
       Eveningstar       |       |       |       |       |  1153 |  1448 |  1266 |  1811 |  9184 || 14862
       Bite              |       |       |       |       |       |       |       |       |  1261 ||  1261
       Unarmed           |       |       |       |       |       |       |       |       |     8 ||     8
Throw: Dart              |       |       |    10 |     6 |       |       |       |       |       ||    16
       Javelin           |       |       |     2 |       |    23 |    13 |       |       |     1 ||    39
 Cast: Lesser Beckoning  |       |       |       |       |       |       |       |       |    13 ||    13
Invok: Heroism           |       |       |       |     1 |     3 |     1 |     2 |       |     1 ||     8
       Finesse           |       |       |       |     1 |     1 |       |     3 |       |     9 ||    14
       Cleansing Flame   |       |       |       |       |       |       |       |       |   119 ||   119
       Divine Shield     |       |       |       |       |       |       |       |       |     6 ||     6
       Brand Weapon With |       |       |       |       |       |       |       |       |     1 ||     1
 Abil: Fly               |       |       |       |       |     1 |       |       |     1 |     3 ||     5
       Stop Flying       |       |       |       |       |       |       |       |     1 |     3 ||     4
Evoke: Wand              |       |       |       |       |     2 |     6 |     2 |     2 |     4 ||    16
       Phantom mirror    |       |       |       |       |       |       |       |       |     3 ||     3
       Lightning rod     |       |       |       |       |       |       |       |       |     1 ||     1
  Use: Potion            |       |       |     7 |     1 |     9 |     1 |     2 |    10 |    14 ||    44
       Scroll            |       |       |       |    14 |    16 |    18 |     8 |    14 |    50 ||   120
 Stab: Sleeping          |       |       |       |       |       |       |       |     3 |     4 ||     7
       Confused          |       |       |       |       |       |       |       |     2 |     1 ||     3
       Distracted        |       |       |       |       |       |       |       |     1 |     2 ||     3
  Eat: Chunk             |     1 |     7 |    14 |    24 |    31 |    23 |    15 |     7 |    35 ||   157
       Ration            |       |       |       |     4 |     4 |     7 |     5 |     6 |    37 ||    63
Armor: Scale mail        |    87 |   110 |       |       |       |       |       |       |       ||   197
       Chain mail        |       |     8 |   204 |   510 |   205 |       |       |       |       ||   927
       Skin              |       |       |    14 |     1 |       |       |       |       |       ||    15
       Plate armour      |       |       |       |       |   360 |  1146 |   242 |       |       ||  1748
       Shadow dragon sca |       |       |       |       |       |       |   353 |   894 |  2682 ||  3929
Dodge: Dodged            |    51 |    66 |    85 |   351 |   230 |   359 |   222 |   377 |  3226 ||  4967
Block: Kite shield       |    85 |    98 |   172 |   609 |   245 |  1229 |  1126 |  1252 |       ||  4816
       Buckler           |       |       |       |       |   437 |   164 |       |       |       ||   601
       Reflection        |       |       |       |       |    36 |    14 |    99 |   144 |   267 ||   560
       Tower shield      |       |       |       |       |       |       |       |  1091 | 13936 || 15027
       Other             |       |       |       |       |       |       |       |     5 |       ||     5
       Rpst.: Eveningstar |       |       |       |       |       |       |       |       |   443 ||   443
